 Dungeon Crawl Stone Soup version 0.30.0-10-gfe55d96785 (webtiles) character file.

Game seed: 14284829215841182008

78 dialectric the Trooper (level 4, 0/36 HPs)
             Began as a Demonspawn Fighter on May 15, 2023.
             Slain by a +3 spectral club (8 damage)
             ... created by Ijyb
             ... on level 3 of the Dungeon.
             The game lasted 00:01:31 (1571 turns).

dialectric the Trooper (Demonspawn Fighter)         Turns: 1571, Time: 00:01:31

Health: 0/36       AC: 11    Str: 18    XL:     4   Next: 15%
Magic:  4/4        EV:  9    Int: 10    God:
Gold:   140        SH:  0    Dex: 12    Spells: 3/3 levels left

rFire   . . .        f - +1 dagger (venom)
rCold   . . .        (no shield)
rNeg    . . .        b - +0 scale mail
rPois   .            (helmet restricted)
rElec   .            (no cloak)
rCorr   .            (no gloves)
SInv    .            (no boots)
Will    .....        (no amulet) Stlth
                     g - +4 ring of protection
HPRegen 0.26/turn    (no ring)
MPRegen 0.09/turn

%: no passive effects
@: no status effects
A: antennae 1, rugged brown scales 1, foul stench 1
a: no special abilities


You were on level 3 of the Dungeon.
You visited 1 branch of the dungeon, and saw 3 of its levels.

You collected 140 gold pieces.

Inventory:

Hand Weapons
 a - a +0 long sword
 f - a +1 dagger of venom (weapon)
Missiles
 p - 6 datura-tipped darts (quivered)
Armour
 b - a +0 scale mail (worn)
 c - a +0 buckler
 h - a +0 cloak
Jewellery
 g - a +4 ring of protection (left hand)
 l - a ring of wizardry
Scrolls
 e - a scroll of amnesia {unknown}
 i - 4 scrolls of identify {unknown}
 m - 2 scrolls of poison {unknown}
 n - a scroll of noise {unknown}
 o - a scroll of fear {unknown}
Potions
 d - a potion of might
 j - a potion of brilliance {unknown}
 k - 3 potions of heal wounds {unknown}
 q - a potion of haste {unknown}


   Skills:
 + Level 3.5 Fighting
 + Level 1.1(1.9) Short Blades
 + Level 2.2(2.3) Long Blades
 + Level 3.3 Armour
 * Level 1.1 Dodging
 - Level 2.6 Shields


You had 3 spell levels left.
You didn't know any spells.
Your spell library contained the following spells:

 Spells                   Type           Power      Damage    Failure   Level
 Magic Dart               Conj           0%         1d3       75%         1
 Call Imp                 Summ           0%         N/A       87%         2
 Sublimation of Blood     Necr           0%         N/A       87%         2
 Mephitic Cloud           Conj/Pois/Air  0%         N/A       98%         3
 Petrify                  Tmut/Erth      0%         N/A       100%        4
 Irradiate                Conj/Tmut      0%         3d11      100%        5


Dungeon Overview and Level Annotations

Branches:
Dungeon (3/15)

Altars:

Annotations:
D:3 Ijyb


Innate Abilities, Weirdness & Mutations

You have a pair of small antennae on your head.
You are partially covered in rugged brown scales. (AC +1, +3% HP)
You may rarely emit foul miasma when damaged in melee.


Message History

You now have 140 gold pieces (gained 8).
Found a stone staircase leading up.
No target in view!
No target in view!
No target in view!
No target in view!
No target in view!
No target in view!
There is a stone staircase leading up here.
Found a short sword.
No target in view!
Ijyb the Twisted Goblin comes into view.
She is wielding a +3 spectral club and carrying a wand of light (6).
Ijyb shouts!
Ijyb is nearby!
Ijyb zaps a wand.
The bolt of light hits you!
You are confused.
You are too confused!
You are too confused!
You are too confused!
You are too confused!
You are too confused!
Unknown command.
You hit Ijyb but do no damage. Ijyb hits you but does no damage.
The +3 spectral club completely misses you.
A +3 spectral club comes into view.
You bump into the rock wall.
The +3 spectral club hits you!
The +3 spectral club hits you but does no damage.
Ijyb hits you with a +3 spectral club.
The +3 spectral club closely misses you.
The +3 spectral club hits you.
* * * LOW HITPOINT WARNING * * *
You miss Ijyb.
You feel less confused.
The +3 spectral club hits you but does no damage.
Ijyb hits you but does no damage. The +3 spectral club hits you.
* * * LOW HITPOINT WARNING * * *
You hit Ijyb but do no damage.
The +3 spectral club closely misses you.
Ijyb zaps a wand.
The bolt of light misses you. The +3 spectral club hits you!
You die...

#.#### #.##.. ..#
#.##.# #.# #.##.#
#.# #.##.# #.#
#.##.## #.#
#.#...####.#
#........#.####.##
###...##..@g......
##.#####(#######
#.# #.# #.# #.#
#.. ..# ### ###


You could see a +3 spectral club and Ijyb.

Vanquished Creatures
  3 adders (D:2)
  A worm (D:2)
  3 dart slugs
  2 ball pythons (D:1)
  8 bats
  3 endoplasms
  A giant cockroach (D:2)
  4 goblins
  5 hobgoblins (D:1)
  4 frilled lizards
  4 kobolds
  5 rats
43 creatures vanquished.

Notes
Turn   | Place    | Note
-------+----------+-------------------------------------------
     0 | D:1      | dialectric the Demonspawn Fighter began the quest for the
                  | Orb.
     0 | D:1      | Reached XP level 1. HP: 18/18 MP: 1/1
    91 | D:1      | Gained mutation: You are partially covered in rugged brown
                  | scales. (AC +1, +3% HP) [demonic ancestry]
    91 | D:1      | Reached XP level 2. HP: 18/24 MP: 2/2
   630 | D:2      | Gained mutation: You have a pair of small antennae on your
                  | head. [demonic ancestry]
   630 | D:2      | Reached XP level 3. HP: 29/29 MP: 3/3
   928 | D:2      | Reached skill level 1 in Dodging
   949 | D:2      | Reached skill level 1 in Short Blades
   975 | D:2      | Gained mutation: You may rarely emit foul miasma when
                  | damaged in melee. [demonic ancestry]
   975 | D:2      | Reached XP level 4. HP: 36/36 MP: 4/4
  1564 | D:3      | Noticed Ijyb
  1571 | D:3      | Slain by a +3 spectral club

Illustrated notes

Levels and vault maps discovered:
D:1:      psy_arrival_whirlpool, layout_basic
D:2:      layout_basic, kennysheep_generic_room_3
D:3:      layout_loops_ring, nicolae_kikubaaqudgha_miasma_corner, uniq_ijyb

Skill      XL: |  1  2  3 |
---------------+----------+-----
Armour         | 3 |  3.3
Long Blades    | 2 |  2.2
Dodging        | 1 |  1.1
Short Blades   | 1 |  1.1
Fighting       | |  3.5
Shields        | |  2.6

Action                     |  1- 3 |  4- 6 || total
---------------------------+-------+-------++-------
  Melee: Long sword        |    22 |       ||    22
         Dagger            |   104 |    19 ||   123
         Punch             |     2 |       ||     2
 Armour: Scale mail        |    73 |    12 ||    85
  Dodge: Dodged            |    63 |    14 ||    77
